 Dungeon Crawl Stone Soup version 0.30-a0-142-g7370640ec8 (webtiles) character file.

Game seed: 4494583709455153433

26467 qw the Blocker (level 13, -9/80 HPs)
             Began as a Gargoyle Fighter on Sept 25, 2022.
             Was a High Priest of Okawaru.
             Mangled by a molten gargoyle
             ... wielding a +0 flail
              (10 damage)
             ... on level 5 of the Lair of Beasts.
             The game lasted 00:05:06 (14178 turns).

qw the Blocker (Gargoyle Fighter)                  Turns: 14178, Time: 00:05:06

Health: -9/80      AC: 34    Str: 24    XL:     13   Next: 26%
Magic:  18/20      EV:  7    Int: 13    God:    Okawaru [*****.]
Gold:   765        SH: 19    Dex:  8    Spells: 12/12 levels left

rFire   . . .      SeeInvis .    e - +3 war axe (spect)
rCold   . . .      Faith    .    v - +0 tower shield
rNeg    + . .      Spirit   .    p - +0 plate armour
rPois   inf        Reflect  .    a - +0 helmet
rElec   +          Harm     .    r - +0 cloak
rCorr   .          Rampage  .    q - +2 pair of gloves
Will    .....                    x - +0 pair of boots
Stlth   ..........               (no amulet)
HPRegen 0.23/turn                (no ring)
MPRegen 0.17/turn                (no ring)

@: about to teleport, heroic
A: sickness immunity, AC +9, negative energy resistance 1, electricity
resistance, torment resistance 1, petrification resistance, hooves 1, clever 1,
MP-powered wands
a: Renounce Religion, Heroism, Finesse, Duel


You were on level 5 of the Lair of Beasts.
You worshipped Okawaru.
Okawaru was extremely pleased with you.
You visited 3 branches of the dungeon, and saw 15 of its levels.

You collected 855 gold pieces.
You spent 90 gold pieces at shops.


Innate Abilities, Weirdness & Mutations

You are immune to sickness and miasma.
Your stone body is resilient. (AC +9)
You are immune to poison.
You resist negative energy. (rN+)
You are resistant to electric shocks. (rElec)
You are resistant to unholy torment.
You are immune to petrification.
You have large cloven feet.
Your mind is acute. (Int +4, Str/Dex -1)
You expend magic power (3 MP) to strengthen your wands.


   Skills:
 - Level 9.0(14.0) Fighting
 - Level 11.1(16.1) Axes
 - Level 3.3(8.3) Throwing
 + Level 8.2(13.2) Armour
 - Level 1.0(6.0) Dodging
 - Level 13.7(18.7) Shields
 - Level 10.0 Invocations


You had 12 spell levels left.
You didn't know any spells.
Your spell library was empty.

Inventory:

Hand Weapons
 e - a +3 spectral war axe (weapon)
 k - a +0 morningstar
Missiles
 u - 6 boomerangs (quivered)
 w - 2 javelins
Armour
 a - a +0 helmet (worn)
 p - a +0 plate armour (worn)
 q - a +2 pair of gloves (worn)
 r - a +0 cloak (worn)
 v - a +0 tower shield (worn)
 x - a +0 pair of boots (worn)
Jewellery
 o - a ring of fire
Scrolls
 b - a scroll of brand weapon
 h - 2 scrolls of identify
 j - 6 scrolls of teleportation
Potions
 d - 2 potions of might
 f - a potion of resistance
 g - 3 potions of attraction
 i - a potion of haste
 l - a potion of cancellation
 m - 3 potions of lignification
 n - 7 potions of curing
 s - a potion of heal wounds
 t - 3 potions of mutation
 z - 4 potions of magic

Dungeon Overview and Level Annotations

Branches:
Dungeon (9/15)             Temple (1/1) D:5            Lair (5/5) D:9
  Swamp (0/4) Lair:3        Snake (0/4) Lair:3        Slime (0/5) Lair:4
    Orc: D:9-12

Altars:
Ashenzari
Cheibriados
Dithmenos
Elyvilon
Fedhas
Gozag
Hepliaklqana
Kikubaaqudgha
Makhleb
Nemelex Xobeh
Okawaru
Qazlal
Ru
Sif Muna
Trog
Vehumet
Wu Jian
Xom
Yredelemnul
Zin
The Shining One
Jiyva

Shops:
D:4 (

Annotations:
D:4 2 runed translucent doors, qw's ghost, amateur GrFi
D:5 2 transporters, qw's ghost, amateur GrFi
Lair:5 2 runed translucent doors


Message History

Found a runed flail.
The molten gargoyle moves out of view.
The lava snake hisses angrily.
The molten gargoyle blasts magma at you!
The bolt of magma hits you!!
14170 ||| FLEEEEING.
14171 ||| FLEEEEING.
The molten gargoyle hits you but does no damage.
You hit the molten gargoyle.
The molten gargoyle is lightly damaged.
Your +3 spectral war axe closely misses the molten gargoyle.
The lava snake spits lava at you. You block the glob of lava.
The molten gargoyle blasts magma at you!
The bolt of magma hits you!!
14174 ||| INVOKING Heroism.
You gain the combat prowess of a mighty hero.
The molten gargoyle blasts magma at you!
The bolt of magma hits you!!
14175 ||| READING 7 scrolls of teleportation.
As you read the scroll of teleportation, it crumbles to dust.
You feel strangely unstable. You block the molten gargoyle's attack.
14176 ||| DRINKING 2 potions of heal wounds.
You feel much better.
The molten gargoyle blasts magma at you!
The bolt of magma hits you!
You slash the molten gargoyle!
The molten gargoyle is heavily damaged.
Your +3 spectral war axe hits the molten gargoyle but does no damage.
You block the molten gargoyle's attack.
The hell hound barks!
You hit the molten gargoyle.
The molten gargoyle is heavily damaged.
Your +3 spectral war axe barely misses the molten gargoyle.
The lava snake spits lava at you. The glob of lava hits you!
The molten gargoyle hits you with a +0 flail!
You are engulfed in flames!
You die...

~~#¤ #8#.. #~#¤ ..... ~¤~#
..... ~~~ #... ~~#... ###~S.#
#####8##..# #8#8..#.@###..~
##....%.(9~~.¤~¤##~
####......#~~.¤..¤~#~~
###.........~~.##++##~~~ #####
#.........#~~.##....##~~##.##8
........##~¤¤.#......#¤~#.....
####........¤¤#. ....#¤#......
##.......#¤#......#¤~......
##......#~#$$ (?#~~¤.....


You could see a molten gargoyle, a lava snake and a friendly +3 spectral war axe
(summoned).

Vanquished Creatures
  A hydra (Lair:3)
  A catoblepas (Lair:2)
  Erica (D:8)
  6 elephants (Lair:3)
  8 black mambas
  A molten gargoyle (Lair:5)
  A torpor snail (Lair:3)
  Joseph (D:8)
  12 cane toads
  2 rime drakes
  7 komodo dragons
  A troll (D:9)
  4 blink frogs (Lair:4)
  A shadow (D:9)
  3 basilisks
  3 vampire mosquitoes (Lair:3)
  7 wyverns
  26 yaks
  2 steam dragons (Lair:5)
  7 water moccasins
  Duvessa (D:4)
  4 hell hounds (Lair:5)
  2 orc warriors
  3 black bears
  2 ice beasts
  19 wolves
  An ogre (D:4)
  A phantom (D:6)
  7 bullfrogs
  3 scorpions
  7 necrophages
  A gnoll sergeant (D:6)
  Dowan (D:4)
  6 killer bees (D:9)
  6 electric eels
  A howler monkey (D:9)
  3 lava snakes (Lair:5)
  A human zombie (D:6)
  A bullfrog zombie (D:6)
  2 centaur zombies (D:6)
  4 hounds
  A jelly (D:5)
  6 orc priests
  4 iguanas
  Natasha (D:2)
  13 orc wizards
  A mummy (D:6)
  2 howler monkey zombies (D:6)
  8 gnolls
  9 adders
  3 ufetubi
  3 worms
  3 dart slugs
  38 orcs
  5 ball pythons
  8 endoplasms
  7 giant cockroaches
  20 goblins
  7 hobgoblins
  4 jackals (D:2)
  10 kobolds
  4 quokkas
  3 bats
  3 frilled lizards
  11 rats
345 creatures vanquished.

Vanquished Creatures (others)
  7 demonic plants (D:3)
  29 fungi
  27 plants
  7 withered plants (D:3)
70 creatures vanquished.

Grand Total: 415 creatures vanquished

Notes
Turn   | Place    | Note
-------+----------+-------------------------------------------
     0 | D:1      | qw the Gargoyle Fighter began the quest for the Orb.
     0 | D:1      | Reached XP level 1. HP: 14/14 MP: 1/1
     0 | D:1      | 0 ||| qw: Version: 0.2-a-10-g399e6c4
     0 | D:1      | 0 ||| qw: Game counter: 417
     0 | D:1      | 0 ||| qw: Always use a shield: true
     0 | D:1      | 0 ||| qw: God list: Okawaru
     0 | D:1      | 0 ||| qw: Allow faded altars: false
     0 | D:1      | 0 ||| qw: Do Orc after D:15 true
     0 | D:1      | 0 ||| qw: Do second Lair branch before Depths: true
     0 | D:1      | 0 ||| qw: Lair rune preference: random
     0 | D:1      | 0 ||| qw: Plans: Normal, Zot:1-4, God:TSO, Crypt, Tomb,
                  | Pan, Slime:5, Hells, Abyss, Orb
     0 | D:1      | 0 ||| PLANNING D:1-11
   278 | D:1      | Reached XP level 2. HP: 19/19 MP: 2/2
  1110 | D:1      | 1110 ||| DROPPING ring of magical power.
  1111 | D:1      | 1111 ||| READING scroll labelled BECRA SECVIRO.
  1112 | D:1      | 1112 ||| READING 2 scrolls labelled PIUQOENLOQUE.
  1115 | D:1      | 1115 ||| DRINKING 3 cyan potions.
  1116 | D:1      | 1116 ||| DRINKING 2 white potions.
  1117 | D:1      | 1117 ||| DROPPING 2 potions of brilliance.
  1146 | D:2      | Reached skill level 3 in Axes
  1226 | D:2      | Noticed Natasha
  1227 | D:2      | 1227 ||| Stepping ~*~*~tactically~*~*~ (hiding).
  1234 | D:2      | Killed Natasha
  1235 | D:2      | Reached XP level 3. HP: 17/23 MP: 3/3
  1421 | D:2      | 1421 ||| Stepping ~*~*~tactically~*~*~ (hiding).
  1606 | D:2      | 1606 ||| Stepping ~*~*~tactically~*~*~ (stealth).
  1609 | D:2      | 1609 ||| Stepping ~*~*~tactically~*~*~ (stealth).
  1641 | D:2      | Reached XP level 4. HP: 28/28 MP: 4/4
  1828 | D:2      | 1828 ||| Stepping ~*~*~tactically~*~*~ (stealth).
  2135 | D:2      | 2135 ||| UPGRADING to +0 helmet.
  2140 | D:2      | 2140 ||| UPGRADING to +0 pair of gloves.
  2145 | D:2      | 2145 ||| READING scroll labelled UVYEXK RAEGY.
  2146 | D:2      | 2146 ||| READING scroll labelled FUIDAU ELUPLA.
  2147 | D:2      | 2147 ||| READING scroll labelled ASAACV HUENOEX.
  2248 | D:2      | 2248 ||| READING 2 scrolls of identify.
  2248 | D:2      | 2248 ||| IDENTIFYING lumpy red potion
  2249 | D:2      | 2249 ||| DROPPING potion of invisibility.
  2256 | D:3      | 2256 ||| Stepping ~*~*~tactically~*~*~ (hiding).
  2257 | D:3      | 2257 ||| Stepping ~*~*~tactically~*~*~ (hiding).
  2258 | D:3      | 2258 ||| Stepping ~*~*~tactically~*~*~ (hiding).
  2260 | D:3      | 2260 ||| Stepping ~*~*~tactically~*~*~ (hiding).
  2266 | D:3      | 2266 ||| DRINKING potion of curing.
  2266 | D:3      | 2266 ||| (to cure confusion)
  2297 | D:3      | 2297 ||| FLEEEEING.
  2298 | D:3      | 2298 ||| FLEEEEING.
  2299 | D:3      | 2299 ||| FLEEEEING.
  2300 | D:3      | 2300 ||| STAIRDANCE
  2403 | D:3      | 2403 ||| STAIRDANCE
  2409 | D:2      | Reached XP level 5. HP: 25/32 MP: 5/5
  2481 | D:2      | 2481 ||| DROPPING +0 club.
  2485 | D:3      | 2485 ||| STAIRDANCE
  2554 | D:3      | 2554 ||| Stepping ~*~*~tactically~*~*~ (hiding).
  2616 | D:3      | 2616 ||| Stepping ~*~*~tactically~*~*~ (stealth).
  2632 | D:3      | 2632 ||| FLEEEEING.
  2633 | D:3      | 2633 ||| FLEEEEING.
  2634 | D:3      | 2634 ||| FLEEEEING.
  2637 | D:3      | 2637 ||| Stepping ~*~*~tactically~*~*~ (stealth).
  2639 | D:3      | 2639 ||| Stepping ~*~*~tactically~*~*~ (stealth).
  2640 | D:3      | 2640 ||| Stepping ~*~*~tactically~*~*~ (stealth).
  2710 | D:3      | Found a radiant altar of Vehumet.
  2722 | D:3      | 2722 ||| READING scroll of enchant weapon.
  2722 | D:3      | 2722 ||| ENCHANTING +1 war axe.
  2758 | D:3      | 2758 ||| Stepping ~*~*~tactically~*~*~ (hiding).
  2778 | D:3      | Reached XP level 6. HP: 34/38 MP: 6/6
  2861 | D:3      | HP: 8/38 [gnoll/+2 vampiric halberd (3)]
  2862 | D:3      | 2862 ||| READING 2 scrolls of teleportation.
  2864 | D:3      | Reached skill level 1 in Dodging
  3109 | D:3      | 3109 ||| DROPPING +0 vampiric whip.
  3179 | D:3      | Found a shadowy altar of Dithmenos.
  3407 | D:3      | 3407 ||| Stepping ~*~*~tactically~*~*~ (stealth).
  3409 | D:3      | 3409 ||| Stepping ~*~*~tactically~*~*~ (stealth).
  3622 | D:3      | 3622 ||| Stepping ~*~*~tactically~*~*~ (stealth).
  3625 | D:3      | 3625 ||| Stepping ~*~*~tactically~*~*~ (stealth).
  3735 | D:3      | Found a shimmering blue altar of Sif Muna.
  3735 | D:3      | Found an ornate altar of the Wu Jian Council.
  3769 | D:3      | Found a faded altar of an unknown god.
  3854 | D:3      | 3854 ||| UPGRADING to +0 chain mail.
  3864 | D:3      | 3864 ||| DROPPING +0 scale mail.
  3865 | D:3      | 3865 ||| UPGRADING to +0 plate armour.
  3875 | D:3      | 3875 ||| DROPPING +0 chain mail.
  3876 | D:3      | 3876 ||| UPGRADING to +0 cloak.
  3881 | D:3      | 3881 ||| READING scroll labelled UMAOGO HUKK.
  3882 | D:3      | 3882 ||| READING scroll labelled UFIXEOZ HYWIDD.
  3960 | D:4      | 3960 ||| Stepping ~*~*~tactically~*~*~ (stealth).
  3964 | D:4      | 3964 ||| FLEEEEING.
  3967 | D:4      | Reached skill level 6 in Axes
  3967 | D:4      | Reached XP level 7. HP: 36/43 MP: 7/7
  4038 | D:4      | Found a sacrificial altar of Ru.
  4043 | D:4      | 4043 ||| Stepping ~*~*~tactically~*~*~ (stealth).
  4063 | D:4      | Noticed Duvessa
  4063 | D:4      | Noticed Dowan
  4066 | D:4      | 4066 ||| Stepping ~*~*~tactically~*~*~ (stealth).
  4068 | D:4      | Killed Duvessa
  4075 | D:4      | Killed Dowan
  4103 | D:4      | 4103 ||| Stepping ~*~*~tactically~*~*~ (stealth).
  4109 | D:4      | 4109 ||| Stepping ~*~*~tactically~*~*~ (stealth).
  4110 | D:4      | 4110 ||| Stepping ~*~*~tactically~*~*~ (stealth).
  4327 | D:4      | Found a large runed translucent door.
  4330 | D:4      | Found a large runed translucent door.
  4332 | D:4      | Noticed qw's ghost (amateur GrFi)
  4388 | D:4      | Found a broken altar of Ashenzari.
  4392 | D:4      | Found Zojyedgh's Antique Weapon Emporium.
  4425 | D:4      | Found a bloodstained altar of Trog.
  4441 | D:4      | Found a shimmering altar of Xom.
  4568 | D:4      | 4568 ||| FLEEEEING.
  4569 | D:4      | 4569 ||| FLEEEEING.
  4570 | D:4      | 4570 ||| FLEEEEING.
  4571 | D:4      | 4571 ||| FLEEEEING.
  4576 | D:4      | 4576 ||| STAIRDANCE
  4637 | D:3      | 4637 ||| READING scroll labelled JIUMECKIOL.
  4638 | D:3      | 4638 ||| READING scroll labelled CISCHI BASE VINK.
  4639 | D:3      | 4639 ||| DRINKING 4 fuming emerald potions.
  4640 | D:3      | 4640 ||| DRINKING 2 sedimented brown potions.
  4744 | D:3      | 4744 ||| READING 2 scrolls of identify.
  4744 | D:3      | 4744 ||| IDENTIFYING inky potion
  4745 | D:3      | 4745 ||| DROPPING 3 potions of degeneration.
  4746 | D:3      | 4746 ||| DROPPING potion of berserk rage.
  4883 | D:5      | Entered Level 5 of the Dungeon
  4888 | D:5      | Found a transporter.
  4935 | D:5      | Noticed qw's ghost (amateur GrFi)
  4974 | D:5      | Found a transporter.
  4987 | D:5      | Found a staircase to the Ecumenical Temple.
  4988 | D:5      | 4988 ||| PLANNING TEMPLE
  4988 | D:5      | 4988 ||| READING scroll labelled GURA KEDGHYL.
  4989 | D:5      | 4989 ||| DRINKING 2 smoky orange potions.
  4991 | D:5      | 4991 ||| FLEEEEING.
  4994 | D:5      | 4994 ||| FLEEEEING.
  5001 | D:5      | 5001 ||| FLEEEEING.
  5002 | D:5      | 5002 ||| FLEEEEING.
  5003 | D:5      | 5003 ||| FLEEEEING.
  5004 | D:5      | 5004 ||| FLEEEEING.
  5005 | D:5      | 5005 ||| FLEEEEING.
  5009 | D:5      | 5009 ||| FLEEEEING.
  5010 | D:5      | 5010 ||| FLEEEEING.
  5013 | D:5      | 5013 ||| FLEEEEING.
  5014 | D:5      | 5014 ||| FLEEEEING.
  5015 | D:5      | 5015 ||| STAIRDANCE
  5064 | D:5      | 5064 ||| STAIRDANCE
  5145 | D:5      | 5145 ||| Stepping ~*~*~tactically~*~*~ (stealth).
  5237 | Temple   | Entered the Ecumenical Temple
  5238 | Temple   | 5238 ||| PLANNING OKAWARU WORSHIP
  5259 | Temple   | Became a worshipper of Warmaster Okawaru
  5260 | Temple   | 5260 ||| PLANNING D:1-11
  5293 | D:5      | Reached XP level 8. HP: 45/49 MP: 8/8
  5360 | D:5      | 5360 ||| Stepping ~*~*~tactically~*~*~ (stealth).
  5469 | D:5      | Identified the +3 leather armour of Lugonu's Indignation
                  | {Rampage rF- rN++ MP-9}
  5502 | D:5      | Found a glowing golden altar of the Shining One.
  5519 | D:5      | 5519 ||| READING scroll of enchant armour.
  5519 | D:5      | 5519 ||| ENCHANTING +0 pair of gloves.
  5748 | D:5      | 5748 ||| Stepping ~*~*~tactically~*~*~ (hiding).
  5810 | D:5      | 5810 ||| Stepping ~*~*~tactically~*~*~ (stealth).
  5827 | D:5      | 5827 ||| Stepping ~*~*~tactically~*~*~ (hiding).
  5828 | D:5      | 5828 ||| Stepping ~*~*~tactically~*~*~ (hiding).
  5969 | D:5      | Found Zin's Purification Station.
  5974 | D:5      | Found a glowing silver altar of Zin.
  5977 | D:5      | 5977 ||| BUYING potion of curing (90 gold).
  5977 | D:5      | Bought a potion of curing for 90 gold pieces
  6138 | D:6      | 6138 ||| PLANNING SEWER
  6148 | D:6      | Found a stormy altar of Qazlal.
  6151 | D:6      | 6151 ||| Stepping ~*~*~tactically~*~*~ (stealth).
  6154 | D:6      | 6154 ||| Stepping ~*~*~tactically~*~*~ (stealth).
  6155 | D:6      | 6155 ||| Stepping ~*~*~tactically~*~*~ (stealth).
  6165 | D:6      | 6165 ||| Stepping ~*~*~tactically~*~*~ (stealth).
  6179 | D:6      | 6179 ||| Stepping ~*~*~tactically~*~*~ (stealth).
  6181 | D:6      | 6181 ||| Stepping ~*~*~tactically~*~*~ (hiding).
  6190 | D:6      | Reached * piety under Okawaru
  6200 | D:6      | 6200 ||| Stepping ~*~*~tactically~*~*~ (stealth).
  6203 | D:6      | 6203 ||| Stepping ~*~*~tactically~*~*~ (hiding).
  6204 | D:6      | 6204 ||| Stepping ~*~*~tactically~*~*~ (hiding).
  6263 | D:6      | 6263 ||| Stepping ~*~*~tactically~*~*~ (stealth).
  6280 | D:6      | Reached skill level 1 in Invocations
  6323 | D:6      | Reached skill level 1 in Throwing
  6330 | D:6      | 6330 ||| Stepping ~*~*~tactically~*~*~ (stealth).
  6332 | D:6      | 6332 ||| Stepping ~*~*~tactically~*~*~ (hiding).
  6410 | D:6      | 6410 ||| Stepping ~*~*~tactically~*~*~ (hiding).
  6627 | D:6      | 6627 ||| INVOKING Heroism.
  6629 | D:6      | 6629 ||| Stepping ~*~*~tactically~*~*~ (hiding).
  6635 | D:6      | 6635 ||| Stepping ~*~*~tactically~*~*~ (hiding).
  6806 | D:6      | Reached skill level 6 in Fighting
  6806 | D:6      | Reached skill level 3 in Invocations
  6806 | D:6      | Reached XP level 9. HP: 55/55 MP: 11/11
  6865 | D:6      | 6865 ||| RIP SEWER
  6868 | D:6      | 6868 ||| PLANNING D:1-11
  6869 | D:6      | 6869 ||| Stepping ~*~*~tactically~*~*~ (stealth).
  6952 | D:6      | 6952 ||| INVOKING Heroism.
  7371 | D:6      | Found a basalt altar of Yredelemnul.
  7396 | D:6      | Reached skill level 9 in Axes
  7403 | D:6      | Reached ** piety under Okawaru
  7451 | D:6      | 7451 ||| READING scroll labelled SUDUDW WAYZID.
  7452 | D:6      | 7452 ||| DRINKING 2 bubbling silvery potions.
  7453 | D:6      | 7453 ||| DROPPING potion of flight.
  7487 | D:7      | 7487 ||| STAIRDANCE
  7489 | D:6      | 7489 ||| INVOKING Heroism.
  7504 | D:6      | Reached skill level 6 in Armour
  7607 | D:7      | Found an opulent altar of Gozag.
  7608 | D:7      | 7608 ||| Stepping ~*~*~tactically~*~*~ (hiding).
  7609 | D:7      | 7609 ||| Stepping ~*~*~tactically~*~*~ (hiding).
  7611 | D:7      | You fall into a shaft and drop 2 floors!
  7717 | D:9      | Noticed a troll
  7718 | D:9      | 7718 ||| INVOKING Heroism.
  7721 | D:9      | 7721 ||| Stepping ~*~*~tactically~*~*~ (stealth).
  7723 | D:9      | 7723 ||| Stepping ~*~*~tactically~*~*~ (stealth).
  7725 | D:9      | Killed a troll
  7726 | D:9      | Reached skill level 4 in Shields
  7735 | D:9      | 7735 ||| INVOKING Heroism.
  7750 | D:9      | Reached XP level 10. HP: 56/63 MP: 11/13
  7758 | D:9      | Found a staircase to the Lair.
  7760 | D:9      | 7760 ||| INVOKING Heroism.
  7840 | D:9      | 7840 ||| INVOKING Heroism.
  7872 | D:9      | 7872 ||| Stepping ~*~*~tactically~*~*~ (stealth).
  7874 | D:9      | Reached *** piety under Okawaru
  7909 | D:9      | 7909 ||| Stepping ~*~*~tactically~*~*~ (stealth).
  7942 | D:9      | 7942 ||| Stepping ~*~*~tactically~*~*~ (stealth).
  7943 | D:9      | 7943 ||| Stepping ~*~*~tactically~*~*~ (stealth).
  7957 | D:9      | 7957 ||| Stepping ~*~*~tactically~*~*~ (stealth).
  8009 | D:9      | 8009 ||| READING scroll of enchant armour.
  8009 | D:9      | 8009 ||| ENCHANTING +1 pair of gloves.
  8027 | D:9      | 8027 ||| Stepping ~*~*~tactically~*~*~ (stealth).
  8057 | D:9      | 8057 ||| Stepping ~*~*~tactically~*~*~ (stealth).
  8059 | D:9      | 8059 ||| Stepping ~*~*~tactically~*~*~ (stealth).
  8063 | D:9      | 8063 ||| Stepping ~*~*~tactically~*~*~ (stealth).
  8095 | D:9      | 8095 ||| Stepping ~*~*~tactically~*~*~ (hiding).
  8098 | D:9      | 8098 ||| Stepping ~*~*~tactically~*~*~ (hiding).
  8107 | D:9      | 8107 ||| Stepping ~*~*~tactically~*~*~ (stealth).
  8109 | D:9      | 8109 ||| INVOKING Heroism.
  8144 | D:9      | Found a flagged portal.
  8147 | D:9      | 8147 ||| DRINKING 3 bubbling blue potions.
  8147 | D:9      | Gained mutation: You expend magic power (3 MP) to
                  | strengthen your wands. [potion of mutation]
  8147 | D:9      | Gained mutation: Your mind is acute. (Int +4, Str/Dex -1)
                  | [potion of mutation]
  8147 | D:9      | Gained mutation: You have large cloven feet. [potion of
                  | mutation]
  8148 | D:9      | 8148 ||| READING 2 scrolls of identify.
  8148 | D:9      | 8148 ||| IDENTIFYING fuming coppery potion
  8156 | D:8      | 8156 ||| PLANNING OSSUARY
  8550 | D:8      | Noticed Joseph
  8551 | D:8      | 8551 ||| Stepping ~*~*~tactically~*~*~ (hiding).
  8556 | D:8      | Killed Joseph
  8698 | D:8      | Noticed Erica
  8699 | D:8      | 8699 ||| INVOKING Heroism.
  8704 | D:8      | Killed Erica
  8704 | D:8      | Reached **** piety under Okawaru
  8705 | D:8      | Reached skill level 6 in Shields
  8757 | D:8      | 8757 ||| Stepping ~*~*~tactically~*~*~ (stealth).
  8758 | D:8      | 8758 ||| FLEEEEING.
  8759 | D:8      | 8759 ||| FLEEEEING.
  8760 | D:8      | 8760 ||| FLEEEEING.
  8761 | D:8      | 8761 ||| FLEEEEING.
  8766 | D:8      | 8766 ||| FLEEEEING.
  8767 | D:8      | 8767 ||| FLEEEEING.
  8772 | D:8      | 8772 ||| FLEEEEING.
  8773 | D:8      | 8773 ||| FLEEEEING.
  8774 | D:8      | 8774 ||| FLEEEEING.
  8775 | D:8      | 8775 ||| FLEEEEING.
  8776 | D:8      | 8776 ||| FLEEEEING.
  8777 | D:8      | 8777 ||| FLEEEEING.
  8778 | D:8      | 8778 ||| FLEEEEING.
  8791 | D:8      | 8791 ||| FLEEEEING.
  8792 | D:8      | 8792 ||| FLEEEEING.
  8793 | D:8      | 8793 ||| FLEEEEING.
  8794 | D:8      | 8794 ||| FLEEEEING.
  8795 | D:8      | 8795 ||| FLEEEEING.
  8796 | D:8      | 8796 ||| FLEEEEING.
  8797 | D:8      | 8797 ||| FLEEEEING.
  8798 | D:8      | 8798 ||| FLEEEEING.
  8799 | D:8      | 8799 ||| FLEEEEING.
  8800 | D:8      | 8800 ||| FLEEEEING.
  8801 | D:8      | 8801 ||| FLEEEEING.
  8802 | D:8      | 8802 ||| FLEEEEING.
  8803 | D:8      | 8803 ||| FLEEEEING.
  8804 | D:8      | 8804 ||| FLEEEEING.
  8805 | D:8      | 8805 ||| FLEEEEING.
  8805 | D:8      | 8805 ||| RIP OSSUARY
  8806 | D:8      | 8806 ||| PLANNING LAIR
  8806 | D:8      | 8806 ||| FLEEEEING.
  8808 | D:8      | 8808 ||| FLEEEEING.
  8809 | D:8      | 8809 ||| FLEEEEING.
  8810 | D:8      | 8810 ||| FLEEEEING.
  8811 | D:8      | 8811 ||| FLEEEEING.
  8812 | D:8      | 8812 ||| FLEEEEING.
  8813 | D:8      | 8813 ||| FLEEEEING.
  8814 | D:8      | 8814 ||| FLEEEEING.
  8815 | D:8      | 8815 ||| FLEEEEING.
  8816 | D:8      | 8816 ||| FLEEEEING.
  8818 | D:8      | 8818 ||| FLEEEEING.
  8819 | D:8      | 8819 ||| STAIRDANCE
  8851 | D:7      | 8851 ||| READING scroll labelled XIETRI ZETUAT.
  8852 | D:7      | 8852 ||| READING 2 scrolls of identify.
  8852 | D:7      | 8852 ||| IDENTIFYING ruby potion
  8904 | Lair:1   | Entered Level 1 of the Lair of Beasts
  8966 | Lair:1   | 8966 ||| Stepping ~*~*~tactically~*~*~ (stealth).
  9167 | Lair:1   | Noticed an oklob plant
  9168 | Lair:1   | 9168 ||| INVOKING Heroism.
  9566 | Lair:1   | 9566 ||| UPGRADING to +0 tower shield.
  9576 | Lair:1   | 9576 ||| DROPPING +0 buckler.
  9577 | Lair:1   | 9577 ||| UPGRADING to +0 pair of boots.
  9582 | Lair:1   | 9582 ||| READING scroll labelled GOXUXY MOIKH.
  9648 | Lair:1   | 9648 ||| READING scroll labelled ADYODO SAMEBO.
  9649 | Lair:1   | 9649 ||| DRINKING 3 glowing dark potions.
  9720 | Lair:2   | Noticed a cane toad
  9721 | Lair:2   | 9721 ||| INVOKING Heroism.
  9726 | Lair:2   | Killed a cane toad
  9766 | Lair:2   | Noticed a cane toad
  9766 | Lair:2   | Noticed a catoblepas
  9767 | Lair:2   | 9767 ||| Stepping ~*~*~tactically~*~*~ (hiding).
  9769 | Lair:2   | 9769 ||| INVOKING Heroism.
  9770 | Lair:2   | 9770 ||| Stepping ~*~*~tactically~*~*~ (hiding).
  9772 | Lair:2   | Reached ***** piety under Okawaru
  9773 | Lair:2   | Reached skill level 7 in Shields
  9773 | Lair:2   | Reached XP level 11. HP: 67/69 MP: 12/15
  9773 | Lair:2   | 9773 ||| INVOKING Finesse.
  9775 | Lair:2   | 9775 ||| INVOKING Finesse.
  9780 | Lair:2   | Reached skill level 6 in Invocations
  9787 | Lair:2   | Killed a catoblepas
  9788 | Lair:2   | 9788 ||| INVOKING Heroism.
  9792 | Lair:2   | Reached skill level 8 in Shields
  9808 | Lair:2   | 9808 ||| Stepping ~*~*~tactically~*~*~ (stealth).
  9863 | Lair:2   | 9863 ||| INVOKING Heroism.
 10063 | Lair:2   | 10063 ||| Stepping ~*~*~tactically~*~*~ (stealth).
 10183 | Lair:2   | 10183 ||| INVOKING Heroism.
 10309 | Lair:2   | Reached skill level 9 in Shields
 10560 | Lair:2   | 10560 ||| READING 2 scrolls of identify.
 10560 | Lair:2   | 10560 ||| IDENTIFYING murky inky potion
 10617 | Lair:3   | 10617 ||| INVOKING Heroism.
 10679 | Lair:3   | 10679 ||| Stepping ~*~*~tactically~*~*~ (stealth).
 10680 | Lair:3   | 10680 ||| INVOKING Heroism.
 10695 | Lair:3   | 10695 ||| Stepping ~*~*~tactically~*~*~ (stealth).
 10702 | Lair:3   | Received a gift from Okawaru
 10706 | Lair:3   | 10706 ||| INVOKING Heroism.
 10751 | Lair:3   | Reached skill level 9 in Invocations
 10753 | Lair:3   | Reached skill level 10 in Shields
 10765 | Lair:3   | 10765 ||| INVOKING Heroism.
 10766 | Lair:3   | Noticed a five-headed hydra
 10767 | Lair:3   | 10767 ||| INVOKING Finesse.
 10770 | Lair:3   | HP: 16/69 [cane toad (9)]
 10771 | Lair:3   | 10771 ||| READING 8 scrolls of teleportation.
 10772 | Lair:3   | 10772 ||| DRINKING 3 potions of heal wounds.
 10773 | Lair:3   | 10773 ||| SWAPPING to +0 morningstar.
 10774 | Lair:3   | 10774 ||| Stepping ~*~*~tactically~*~*~ (outnumbered).
 10775 | Lair:3   | 10775 ||| SWAPPING to +2 spectral war axe.
 10790 | Lair:3   | Reached XP level 12. HP: 38/75 MP: 13/19
 10979 | Lair:3   | Found a staircase to the Snake Pit.
 11021 | Lair:3   | 11021 ||| Stepping ~*~*~tactically~*~*~ (stealth).
 11025 | Lair:3   | 11025 ||| Stepping ~*~*~tactically~*~*~ (stealth).
 11026 | Lair:3   | 11026 ||| Stepping ~*~*~tactically~*~*~ (stealth).
 11037 | Lair:3   | 11037 ||| Stepping ~*~*~tactically~*~*~ (stealth).
 11042 | Lair:3   | 11042 ||| Stepping ~*~*~tactically~*~*~ (stealth).
 11043 | Lair:3   | 11043 ||| Stepping ~*~*~tactically~*~*~ (stealth).
 11049 | Lair:3   | Reached skill level 11 in Shields
 11050 | Lair:3   | 11050 ||| INVOKING Heroism.
 11063 | Lair:3   | 11063 ||| INVOKING Heroism.
 11438 | Lair:3   | 11438 ||| Stepping ~*~*~tactically~*~*~ (stealth).
 11440 | Lair:3   | 11440 ||| INVOKING Heroism.
 11441 | Lair:3   | 11441 ||| INVOKING Finesse.
 11442 | Lair:3   | 11442 ||| SWAPPING to +0 morningstar.
 11449 | Lair:3   | Killed a five-headed hydra
 11450 | Lair:3   | Reached skill level 12 in Shields
 11450 | Lair:3   | 11450 ||| SWAPPING to +2 spectral war axe.
 11503 | Lair:3   | 11503 ||| Stepping ~*~*~tactically~*~*~ (stealth).
 11543 | Lair:3   | 11543 ||| Stepping ~*~*~tactically~*~*~ (stealth).
 11547 | Lair:3   | 11547 ||| Stepping ~*~*~tactically~*~*~ (stealth).
 11548 | Lair:3   | 11548 ||| Stepping ~*~*~tactically~*~*~ (stealth).
 11549 | Lair:3   | 11549 ||| INVOKING Heroism.
 11560 | Lair:3   | Reached ****** piety under Okawaru
 11725 | Lair:3   | 11725 ||| Stepping ~*~*~tactically~*~*~ (stealth).
 11736 | Lair:3   | 11736 ||| INVOKING Heroism.
 11741 | Lair:3   | Received a gift from Okawaru
 11876 | Lair:3   | 11876 ||| Stepping ~*~*~tactically~*~*~ (stealth).
 11889 | Lair:3   | 11889 ||| INVOKING Heroism.
 12155 | Lair:3   | Found a staircase to the Swamp.
 12382 | Lair:3   | 12382 ||| READING scroll labelled METIGU MYMI.
 12383 | Lair:3   | 12383 ||| READING scroll labelled PORAMP ONOTYLL.
 12384 | Lair:3   | 12384 ||| READING 3 scrolls of identify.
 12384 | Lair:3   | 12384 ||| IDENTIFYING viscous grey potion
 12392 | Lair:4   | 12392 ||| STAIRDANCE
 12437 | Lair:4   | Reached skill level 13 in Shields
 12437 | Lair:4   | 12437 ||| STAIRDANCE
 12604 | Lair:4   | 12604 ||| INVOKING Heroism.
 12617 | Lair:4   | Identified the +5 ring mail of Busch {MP+9 Int+4} (Okawaru
                  | gifted it to you on level 4 of the Lair of Beasts)
 12617 | Lair:4   | Received a gift from Okawaru
 12619 | Lair:4   | Reached skill level 3 in Throwing
 12973 | Lair:4   | 12973 ||| READING scroll of enchant weapon.
 12973 | Lair:4   | 12973 ||| ENCHANTING +2 spectral war axe.
 13482 | Lair:4   | Found a viscous altar of Jiyva.
 13482 | Lair:4   | Found a staircase to the Slime Pits.
 13495 | Lair:4   | 13495 ||| Stepping ~*~*~tactically~*~*~ (stealth).
 13498 | Lair:4   | 13498 ||| Stepping ~*~*~tactically~*~*~ (stealth).
 13673 | Lair:5   | Entered Level 5 of the Lair of Beasts
 13758 | Lair:5   | 13758 ||| Stepping ~*~*~tactically~*~*~ (hiding).
 13761 | Lair:5   | 13761 ||| INVOKING Heroism.
 13767 | Lair:5   | Reached XP level 13. HP: 78/79 MP: 17/20
 13786 | Lair:5   | 13786 ||| INVOKING Heroism.
 13826 | Lair:5   | Noticed a fire dragon
 13827 | Lair:5   | Found a large runed translucent door.
 13828 | Lair:5   | Found a large runed translucent door.
 13838 | Lair:5   | 13838 ||| INVOKING Heroism.
 13916 | Lair:5   | 13916 ||| Stepping ~*~*~tactically~*~*~ (stealth).
 13920 | Lair:5   | 13920 ||| INVOKING Heroism.
 14079 | Lair:5   | 14079 ||| INVOKING Heroism.
 14100 | Lair:5   | 14100 ||| Stepping ~*~*~tactically~*~*~ (hiding).
 14101 | Lair:5   | 14101 ||| Stepping ~*~*~tactically~*~*~ (hiding).
 14106 | Lair:5   | 14106 ||| Stepping ~*~*~tactically~*~*~ (hiding).
 14109 | Lair:5   | Reached skill level 9 in Fighting
 14166 | Lair:5   | 14166 ||| Stepping ~*~*~tactically~*~*~ (stealth).
 14170 | Lair:5   | 14170 ||| FLEEEEING.
 14171 | Lair:5   | 14171 ||| FLEEEEING.
 14174 | Lair:5   | 14174 ||| INVOKING Heroism.
 14174 | Lair:5   | HP: 18/80 [molten gargoyle/bolt of magma (18)]
 14175 | Lair:5   | 14175 ||| READING 7 scrolls of teleportation.
 14176 | Lair:5   | 14176 ||| DRINKING 2 potions of heal wounds.
 14178 | Lair:5   | HP: 1/80 [molten gargoyle/+0 flail (10)]
 14178 | Lair:5   | Mangled by a molten gargoyle

Levels and vault maps discovered:
D:1:      eino_arrival_cavern_b, layout_basic
D:2:      layout_loops_ring, nicolae_wormholes, uniq_natasha
D:3:      kennysheep_the_goblin_king, layout_rooms,
          nicolae_dithmenos_shadow_blocks, mainiacjoe_overflow_small_starburst,
          nicolae_overflow_two_pavilions, shapermc_ecumenical_altar_gd
D:4:      layout_rooms, xom_teletrap_fun, mainiacjoe_overflow_catwalk_spiral,
          ebering_ghost_disaster_area, serial_shops, shop, minmay_ruined_shrine,
          uniq_duvessa
D:5:      layout_loops_corners, zin_purify, mainiacjoe_overflow_catwalk,
          minmay_temple_entry_large_hall, gammafunk_ghost_arena, kennysheep_nub
D:6:      layout_loops_corners, lemuel_mausoleum_altar_yredelemnul,
          mainiacjoe_overflow_six_doors_small, gup_sewer_entry_bubbles
D:7:      layout_basic, mainiacjoe_overflow_cross_hatched, kennysheep_dice
D:8:      layout_loops_corners, enter_ossuary_4, uniq_erica, uniq_joseph
D:9:      layout_gridville, erik_lair_island, orc_david_3, enter_bailey_5
Temple:   hellmonk_temple_rainy
Lair:1:   minmay_lair_oklob_tunnel, layout_chaotic_city
Lair:2:   layout_gridlike, serial_bayou_crossing, grunt_megastairs_2
Lair:3:   layout_regular_city, minmay_swamp_entry_swarm, dummy_snake_entry,
          infiniplex_staircase_pool_2
Lair:4:   layout_cave_shapes, slime_entry_1, lemuel_fruit_fields
Lair:5:   cheibrodos_lair_end_hotspot, layout_cave_pods, uniq_josephine,
          uniq_snorg

Skill      XL: |  1  2  3  4  5  6  7  8  9 10 11 12 13 |
---------------+----------------------------------------+-----
Axes           | 2 3 4 5 6 7 8 9 10 11 | 11.1
Fighting       | 4 5 6 7 8 9 |  9.0
Dodging        | 1 |  1.0
Armour         | 4 5 6 7 8 |  8.2
Invocations    | 3 4 5 9 10 | 10.0
Throwing       | 1 3 |  3.3
Shields        | 4 7 10 13 | 13.7

Action                   |  1- 3 |  4- 6 |  7- 9 | 10-12 | 13-15 || total
-------------------------+-------+-------+-------+-------+-------++-------
Melee: War axe           |    81 |   197 |   209 |   300 |    54 ||   841
       Kick              |       |       |       |     9 |       ||     9
       Morningstar       |       |       |       |     6 |       ||     6
Throw: Boomerang         |       |     3 |    18 |    75 |     2 ||    98
       Javelin           |       |       |       |    12 |     2 ||    14
Invok: Heroism           |       |       |     5 |    22 |     5 ||    32
       Finesse           |       |       |       |     3 |       ||     3
  Use: Scroll            |     2 |     8 |     6 |    12 |     1 ||    29
       Potion            |     2 |     1 |     4 |     3 |     1 ||    11
 Stab: Distracted        |       |       |     3 |     5 |       ||     8
       Petrified         |       |       |       |     3 |       ||     3
Armor: Scale mail        |    45 |   112 |       |       |       ||   157
       Plate armour      |       |     4 |    88 |   151 |    14 ||   257
Dodge: Dodged            |    35 |    66 |    36 |    29 |     9 ||   175
Block: Buckler           |    21 |    39 |    35 |     9 |       ||   104
       Tower shield      |       |       |       |   152 |    36 ||   188

Table legend:
 A = Non-vault XP
 B = Vault XP
 C = Vault XP percentage of total XP
 D = Non-vault monster count
 E = Vault monster count
 F = Vault count percentage of total count
                 A         B        C        D         E       F
            +---------+---------+-------+---------+---------+-------
      Total |   27115 |   10696 |  28.3 |     263 |      82 |  23.8
            +---------+---------+-------+---------+---------+-------
        D:1 |      29 |       0 |   0.0 |      17 |       0 |   0.0
        D:2 |      68 |      45 |  39.8 |      22 |       3 |  12.0
        D:3 |     350 |      11 |   3.0 |      38 |       7 |  15.6
        D:4 |     132 |     476 |  78.3 |      21 |      10 |  32.3
        D:5 |     642 |       0 |   0.0 |      17 |       0 |   0.0
        D:6 |    1115 |     694 |  38.4 |      30 |      19 |  38.8
        D:7 |       3 |       0 |   0.0 |       1 |       0 |   0.0
        D:8 |     607 |    1262 |  67.5 |       9 |       2 |  18.2
        D:9 |    1149 |     929 |  44.7 |      19 |      12 |  38.7
     Lair:1 |     878 |       0 |   0.0 |       4 |       0 |   0.0
     Lair:2 |    5605 |     238 |   4.1 |      22 |       2 |   8.3
     Lair:3 |   11799 |     543 |   4.4 |      47 |       3 |   6.0
     Lair:4 |    4302 |       0 |   0.0 |      15 |       0 |   0.0
     Lair:5 |     436 |    6498 |  93.7 |       1 |      24 |  96.0
            +---------+---------+-------+---------+---------+-------
